 Dungeon Crawl Stone Soup version 0.28.0-53-g5a82cb258f (webtiles) character file.

Game seed: 7636770298158182756

53 nickcage the Cudgeller (level 3, 0/30 HPs)
             Began as a Minotaur Gladiator on May 24, 2022.
             Succumbed to a kobold's poison
             ... on level 2 of the Dungeon.
             The game lasted 00:01:53 (1008 turns).

nickcage the Cudgeller (Minotaur Gladiator)         Turns: 1008, Time: 00:01:53

Health: 0/30       AC:  4    Str: 20    XL:     3   Next: 64%
Magic:  2/2        EV: 12    Int:  5    God:
Gold:   24         SH:  0    Dex: 11    Spells: 2/2 levels left

rFire   . . .      SeeInvis .   a - +0 flail
rCold   . . .      Faith    .   (no shield)
rNeg    . . .      Spirit   .   b - +0 leather armour
rPois   .          Reflect  .   c - +0 hat
rElec   .          Harm     .   (no cloak)
rCorr   .          Rampage  .   g - +0 pair of gloves
Will    .....                   (no boots)
Stlth   +.........              (no amulet)
HPRegen 0.10/turn               (no ring)
MPRegen 0.08/turn               (no ring)

@: lethally poisoned (0 -> -2)
A: horns 2, retaliatory headbutt
a: no special abilities


You were on level 2 of the Dungeon.
You visited 1 branch of the dungeon, and saw 2 of its levels.

You collected 24 gold pieces.

Inventory:

Hand Weapons
 a - a +0 flail (weapon)
Missiles
 d - 3 throwing nets
 h - 5 boomerangs (quivered)
Armour
 b - a +0 leather armour (worn)
 c - a +0 hat (worn)
 g - a +0 pair of gloves (worn)
Jewellery
 f - a ring of ice
Scrolls
 e - a scroll of teleportation {unknown}
 i - a scroll of enchant weapon {unknown}
 j - a scroll of identify {unknown}
 l - a scroll of acquirement {unknown}
 m - a scroll of noise {unknown}
Potions
 o - a potion of lignification {unknown}


   Skills:
 - Level 2.4 Fighting
 + Level 5.3 Maces & Flails
 - Level 2.0 Throwing
 + Level 1.6 Armour
 - Level 3.2 Dodging


You had 2 spell levels left.
You didn't know any spells.
Your spell library contained the following spells:

 Spells                   Type           Power      Damage    Failure   Level
 Animate Dead             Necr           0%         N/A       99%         4
 Borgnjor's Vile Clutch   Necr/Erth      0%         N/A       100%        5
 Death Channel            Necr           0%         N/A       100%        6


Dungeon Overview and Level Annotations

Branches:
Dungeon (2/15)

Altars:


Innate Abilities, Weirdness & Mutations

You have a pair of horns on your head.
You reflexively headbutt those who attack you in melee.


Message History

You hit the kobold.
You kill the kobold!
You feel very sick.
The kobold hits the bush but does no damage. x2
The kobold hits you but does no damage.
You barely miss the kobold.
You feel very sick.
The kobold completely misses the bush.
The kobold hits the bush but does no damage. x2
The kobold barely misses you. You furiously retaliate!
You headbutt the kobold.
The kobold hits the bush but does no damage. x3
You hit the kobold but do no damage.
The kobold is moderately wounded.
* * * LOW HITPOINT WARNING * * *
You feel very sick.
The kobold hits you with a +0 short sword.
* * * LOW HITPOINT WARNING * * *
The kobold hits the bush but does no damage. x3
A frilled lizard comes into view.
* * * LOW HITPOINT WARNING * * *
You feel sick.
The kobold throws a stone.
The stone barely misses you.
The kobold hits the bush with a +0 dagger.
The kobold hits the bush but does no damage.
* * * LOW HITPOINT WARNING * * *
You feel sick.
Something hits the bush but does no damage.
* * * LOW HITPOINT WARNING * * *
You feel sick.
* * * LOW HITPOINT WARNING * * *
You feel sick.
The kobold throws a stone.
The stone hits you.
* * * LOW HITPOINT WARNING * * *
It was a potion of brilliance.
You feel clever all of a sudden.
* * * LOW HITPOINT WARNING * * *
You feel sick.
It was a potion of cancellation.
Your magical effects are unravelling.
You feel magically purged.
You feel a little less clever now.
You die...
P♣♣♣♣♣♣ PP...PPP#

P.....#P#
..)...KP###
..l§..K)K.#
......KP#K#
P.....###K# #
PP..≈# #.# ###
##♣♣♣ #@# ..####
##.#
.....##########..#
................##
.....############
.....# .....#
.....# .....#


You could see 3 kobolds.

Vanquished Creatures
  Natasha (D:2)
  An adder (D:2)
  2 bats
  2 endoplasms (D:1)
  A giant cockroach (D:1)
  2 hobgoblins (D:1)
  4 kobolds
  2 ball pythons
  A frilled lizard (D:1)
  4 rats
20 creatures vanquished.

Vanquished Creatures (others)
  3 plants (D:2)
3 creatures vanquished.

Grand Total: 23 creatures vanquished

Notes
Turn   | Place    | Note
-------+----------+-------------------------------------------
     0 | D:1      | nickcage the Minotaur Gladiator began the quest for the
                  | Orb.
     0 | D:1      | Reached XP level 1. HP: 18/18 MP: 0/0
    62 | D:1      | Reached skill level 4 in Maces & Flails
   266 | D:1      | Reached XP level 2. HP: 20/25 MP: 1/1
   680 | D:2      | Noticed Natasha
   685 | D:2      | Killed Natasha
   686 | D:2      | Reached skill level 5 in Maces & Flails
   686 | D:2      | Reached skill level 1 in Armour
   686 | D:2      | Reached XP level 3. HP: 30/30 MP: 2/2
  1007 | D:2      | HP: 1/30 [poisoned by a kobold]
  1008 | D:2      | Succumbed to a kobold's poison

Illustrated notes

Levels and vault maps discovered:
D:1:      dpeg_arrival_orchard, layout_rooms, corexii_corridor_pit
D:2:      layout_basic, nrook_mini_vaults, lexackson_kobold_supper,
          uniq_natasha, uniq_jessica

Skill      XL: |  1  2 |
---------------+-------+-----
Maces & Flails | 4 5 |  5.3
Armour         | 1 |  1.6
Fighting       | |  2.4
Throwing       | |  2.0
Dodging        | |  3.2

Action                   || total
-------------------------++-------
Melee: Flail             ||    42
       Headbutt          ||     3
       Punch             ||     1
Throw: Boomerang         ||     6
  Use: Potion            ||     2
Armor: Leather armour    ||    14
Dodge: Dodged            ||    36
